 Dungeon Crawl Stone Soup version 0.31.0-11-ge490571c62 (webtiles) character file.

Game seed: 4546549028257555955

97 qw the Shooter (level 4, 0/22 HPs)
             Began as a Spriggan Hunter on Feb 4, 2024.
             Slain by a goblin
             ... wielding a +0 club
             ... led by Robin
              (6 damage)
             ... on level 3 of the Dungeon.
             The game lasted 00:00:50 (1428 turns).

qw the Shooter (Spriggan Hunter)                    Turns: 1428, Time: 00:00:51

Health: 0/22       AC:  2    Str:  7    XL:     4   Next: 42%
Magic:  5/5        EV: 20    Int: 10    God:
Gold:   131        SH:  0    Dex: 20    Spells: 3/3 levels left

rFire   . . .        a - +1 shortbow
rCold   . . .        (shield currently unavailable)
rNeg    . . .        c - +0 robe
rPois   .            (helmet restricted)
rElec   .            (no cloak)
rCorr   .            (gloves unavailable)
SInv    +            (boots unavailable)
Will    .....        (no amulet)
Stlth   ++           (no ring)
HPRegen 0.23/turn    (no ring)
MPRegen 0.09/turn

%: no passive effects
@: very quick
A: very small, no large weapons, unfitting armour, see invisible, speed 3
a: no special abilities


You were on level 3 of the Dungeon.
You visited 1 branch of the dungeon, and saw 3 of its levels.

You collected 131 gold pieces.


Innate Abilities, Weirdness & Mutations

You are very small and have problems with some larger weapons.
You are too small for most types of armour.
You have supernaturally acute eyesight. (SInv)
You cover ground extremely quickly. (Speed+++)


   Skills:
 - Level 1.5 Fighting
 - Level 5.0 Ranged Weapons
 + Level 4.9 Dodging
 - Level 1.5 Stealth


You had 3 spell levels left.
You didn't know any spells.
Your spell library was empty.

Inventory:

Hand Weapons
 a - a +1 shortbow (weapon)
Armour
 c - a +0 robe (worn)
Potions
 d - a potion of cancellation
 g - a potion of curing {unknown}

Dungeon Overview and Level Annotations

Branches:
Dungeon (3/15)

Altars:

Annotations:
D:3 Robin


Message History

You shoot an arrow. The arrow closely misses the goblin.
The arrow hits the goblin.
You kill the goblin!
The goblin barely misses you.
You shoot an arrow. The arrow hits the goblin.
You kill the goblin!
The goblin unwields a +0 club.
The goblin wields a +0 sling.
The goblin shoots a sling bullet.
The sling bullet hits you.
You shoot an arrow. The arrow closely misses the goblin.
The arrow hits the goblin!
You kill the goblin!
Robin of the Strong Arm comes into view.
They are wielding a +0 short sword.
You shoot an arrow. The arrow hits the goblin!
You kill the goblin!
The goblin unwields a +0 dagger.
The goblin wields a +0 sling.
The goblin shoots a sling bullet.
The sling bullet completely misses you.
You shoot an arrow. The arrow closely misses the goblin.
The arrow completely misses the goblin.
The goblin shoots a sling bullet.
The sling bullet hits you.
You shoot an arrow. The arrow barely misses the goblin.
The arrow hits the goblin!
You kill the goblin!
You shoot an arrow. The arrow closely misses the goblin. x2
The arrow closely misses Robin.
The goblin unwields a +0 sling.
The goblin wields a +0 dagger.
The goblin completely misses you.
You shoot an arrow. The arrow barely misses the goblin.
The arrow hits the goblin.
The goblin is severely wounded.
Robin roars a battlecry!
The goblins go into a battle-frenzy!
The goblin barely misses you.
You shoot an arrow. The arrow hits the goblin!
You kill the goblin!
The goblin barely misses you.
You shoot an arrow. The arrow hits the goblin.
The goblin is severely wounded.
The goblin hits you with a +0 club. Robin throws the goblin at you!
The goblin hits you with a +0 dagger. The goblin hits you with a +0 club.
You die...

#.##...####..######
#.##<.............#
###......##########.#
......>...#
###.#..##.#######
###.#..##.......# .
##..............# .).
#...#.###.......###.(.#.
.......##......g@)g)....
#...............#g#..)..
##..##.##.......#.#..#.#
##....................
####.#######.##......
#.# #.# ..#.#. #.# #.#
....# #.# ... ..#.# #.#
#.. #.#


You could see Robin and 2 goblins.

Vanquished Creatures
  3 gnolls (D:2)
  2 adders
  A ribbon worm (D:2)
  3 endoplasms
  13 goblins
  5 hobgoblins
  4 kobolds (D:1)
  A quokka (D:2)
  4 ball pythons
  4 bats
  A frilled lizard (D:2)
  A rat (D:1)
42 creatures vanquished.

Notes
Turn   | Place    | Note
-------+----------+-------------------------------------------
     0 | D:1      | qw the Spriggan Hunter began the quest for the Orb.
     0 | D:1      | Reached XP level 1. HP: 10/10 MP: 2/2
     0 | D:1      | 0 ||| qw: Version: 0.3-a-160-g6735b56
     0 | D:1      | 0 ||| qw: Game counter: 6046
     0 | D:1      | 0 ||| qw: Melee chars always use a shield: true
     0 | D:1      | 0 ||| qw: God list: Okawaru
     0 | D:1      | 0 ||| qw: Allow faded altars: false
     0 | D:1      | 0 ||| qw: Do Orc after clearing Dungeon:15 true
     0 | D:1      | 0 ||| qw: Do second Lair branch before Depths: true
     0 | D:1      | 0 ||| qw: Lair rune preference: random
     0 | D:1      | 0 ||| qw: Goals: Normal
     0 | D:1      | 0 ||| PLANNING D:1-11
    21 | D:1      | Reached skill level 3 in Dodging
   255 | D:1      | Reached XP level 2. HP: 14/14 MP: 3/3
   595 | D:1      | 595 ||| READING scroll labelled QAQY RY VEV FIH.
   595 | D:1      | 595 ||| ENCHANTING +0 shortbow.
   596 | D:1      | 596 ||| READING scroll labelled JYDITY KUTUSM.
   597 | D:1      | 597 ||| READING 2 scrolls labelled MYAMNUSMETO.
   597 | D:1      | 597 ||| IDENTIFYING fuming ruby potion
   598 | D:1      | 598 ||| READING scroll of identify.
   598 | D:1      | 598 ||| IDENTIFYING coppery potion
   599 | D:1      | 599 ||| DROPPING scroll of butterflies.
   600 | D:1      | 600 ||| DROPPING potion of ambrosia.
   961 | D:2      | Reached XP level 3. HP: 18/18 MP: 4/4
  1103 | D:2      | 1103 ||| RETREEEEATING.
  1112 | D:2      | Reached skill level 5 in Ranged Weapons
  1115 | D:2      | Reached XP level 4. HP: 22/22 MP: 5/5
  1316 | D:2      | 1316 ||| READING scroll of identify.
  1316 | D:2      | 1316 ||| IDENTIFYING black potion
  1317 | D:2      | 1317 ||| READING scroll labelled EFIBRY MAKU.
  1321 | D:2      | 1321 ||| READING scroll labelled VARPHI NOETUWEO.
  1322 | D:2      | 1322 ||| READING scroll labelled XEJAXATZOMO.
  1323 | D:2      | 1323 ||| DROPPING potion of brilliance.
  1421 | D:3      | Noticed Robin
  1428 | D:3      | Slain by a goblin

Levels and vault maps discovered:
D:1:      erik_arrival_triangle_large, layout_rooms, minmay_stone_trees_medium,
          minmay_misc_feat_ornament
D:2:      layout_basic, minmay_hedge_maze
D:3:      layout_loops_cross, minitemple, uniq_crazy_yiuf_cottage, uniq_robin,
          uniq_natasha, uniq_jessica

Skill      XL: |  1  2  3 |
---------------+----------+-----
Dodging        | 3 4 |  4.9
Ranged Weapons | 5 |  5.0
Fighting       | |  1.5
Stealth        | |  1.5

Action                     |  1- 3 |  4- 6 || total
---------------------------+-------+-------++-------
   Fire: Shortbow          |    91 |    32 ||   123
    Use: Scroll            |     4 |     4 ||     8
 Armour: Robe              |     5 |     8 ||    13
  Dodge: Dodged            |    46 |    10 ||    56

Table legend:
 A = Non-vault XP
 B = Vault XP
 C = Vault XP percentage of total XP
 D = Non-vault monster count
 E = Vault monster count
 F = Vault count percentage of total count
                 A         B        C        D         E       F
            +---------+---------+-------+---------+---------+-------
      Total |     119 |      20 |  14.4 |      32 |      10 |  23.8
            +---------+---------+-------+---------+---------+-------
        D:1 |      27 |       0 |   0.0 |      16 |       0 |   0.0
        D:2 |      79 |       0 |   0.0 |      15 |       0 |   0.0
        D:3 |      13 |      20 |  60.6 |       1 |      10 |  90.9
            +---------+---------+-------+---------+---------+-------
